 Dungeon Crawl Stone Soup version 0.21.1-1-g345015f (webtiles) character file.

94653 infcreate the Severer (level 15, -6/141 HPs)
             Began as a Minotaur Fighter on May 7, 2018.
             Was the Champion of Okawaru.
             Mangled by a mana viper (14 damage)
             ... on level 4 of the Snake Pit.
             The game lasted 02:12:47 (21063 turns).

infcreate the Severer (Minotaur Fighter)           Turns: 21063, Time: 02:12:48

Health: -6/141     AC: 24    Str: 27    XL:     15   Next: 64%
Magic:  0/17       EV: 13    Int:  8    God:    Okawaru [******]
Gold:   1527       SH: 18    Dex: 12    Spells: 14/14 levels left

rFire    . . .     SeeInvis .   e - +5 war axe (flame)
rCold    . . .     Gourm    .   G - +3 shield {rPois}
rNeg     . . .     Faith    .   R - +3 plate armour
rPois    +         Spirit   +   (helmet restricted)
rElec    .         Reflect  .   u - scarf {Spirit}
rCorr    .         Harm     .   W - +0 pair of gloves
MR       ++...                  T - +0 pair of boots "Koasm" {Int+3}
Stlth    ..........             t - amulet of guardian spirit
HPRegen  0.33/turn              M - +5 ring of evasion
MPRegen  0.15/turn              P - ring of Oshoc {rPois MR+}

@: lethally poisoned (-6 -> -7)
A: retaliatory headbutt, hooves 1, horns 2, yellow scales 1, agile 1, subdued
magic 1
a: Heroism, Finesse, Renounce Religion


You were on level 4 of the Snake Pit.
You worshipped Okawaru.
Okawaru was exalted by your worship.
You were not hungry.

You visited 4 branches of the dungeon, and saw 22 of its levels.

You collected 1527 gold pieces.

Inventory:

Hand Weapons
 e - a +5 war axe of flaming (weapon)
Armour
 u - a scarf of spirit shield (worn)
 G - a +3 shield of poison resistance (worn)
 H - a +0 shield of protection
 R - a +3 plate armour (worn)
 T - the +0 pair of boots "Koasm" (worn) {Int+3}
   (Okawaru gifted it to you on level 1 of the Lair of Beasts)

   It affects your intelligence (+3).
 W - a +0 pair of gloves (worn)
Jewellery
 a - a +1 ring of slaying {unknown}
 t - an amulet of guardian spirit (around neck)
 z - an uncursed ring of positive energy
 M - a +5 ring of evasion (left hand)
 P - the ring of Oshoc (right hand) {rPois MR+}
   (You found it on level 9 of the Dungeon)

   [ring of poison resistance]

   It protects you from poison.
   It affects your resistance to hostile enchantments.
 U - an uncursed ring of see invisible
Wands
 C - a wand of digging (9)
 F - a wand of paralysis (17)
 I - a wand of flame (59)
 V - a wand of enslavement (7)
Scrolls
 b - 2 scrolls of holy word
 g - 15 scrolls of identify
 h - 6 scrolls of amnesia
 i - 2 scrolls of fog
 m - 4 scrolls of enchant armour
 n - 3 scrolls of magic mapping
 o - 2 scrolls of blinking
 r - 6 scrolls of enchant weapon
 s - 7 scrolls of remove curse
 x - 3 scrolls of teleportation
 y - 2 scrolls of noise {unknown}
 B - 6 scrolls of immolation
 D - 2 scrolls of acquirement
 J - 2 scrolls of random uselessness {unknown}
Potions
 c - 2 potions of agility {unknown}
 d - 4 potions of might
 j - 5 potions of mutation
 k - 5 potions of curing {unknown}
 l - 3 potions of haste
 q - 5 potions of lignification
 v - 3 potions of heal wounds {unknown}
 w - 2 potions of brilliance {unknown}
 A - 2 potions of invisibility
 E - a potion of flight
 K - 2 potions of cancellation {unknown}
 L - 4 potions of magic {unknown}
 N - a potion of ambrosia {unknown}
 Q - a potion of degeneration {unknown}
Comestibles
 f - 33 rations


   Skills:
 + Level 15.0 Fighting
 + Level 18.2 Axes
 + Level 14.4 Armour
 + Level 16.8 Shields
 + Level 5.1 Invocations
 + Level 0.9 Evocations


You had 14 spell levels left.
You didn't know any spells.

Dungeon Overview and Level Annotations

Branches:
Dungeon (11/15)            Temple (1/1) D:7            Lair (6/6) D:11
 Shoals (0/4) Lair:4        Snake (4/4) Lair:4        Slime (0/5) Lair:6
    Orc: D:9-12

Altars:
Ashenzari
Cheibriados
Dithmenos
Elyvilon
Fedhas
Gozag
Hepliaklqana
Kikubaaqudgha
Makhleb
Nemelex Xobeh
Okawaru
Qazlal
Ru
Sif Muna
Trog
Uskayaw
Vehumet
Wu Jian
Xom
Yredelemnul
Zin
The Shining One
Jiyva

Shops:
D:6 (   D:9 *   Snake:3 %

Annotations:
Snake:4 Vashnia


Innate Abilities, Weirdness & Mutations

You reflexively headbutt those who attack you in melee.
You have a pair of horns on your head.
You have large cloven feet.
You are partially covered in yellow scales. (AC +2)
You are agile. (Dex +2)
Your spells are a little easier to cast, but a little less powerful.


Message History

You feel sick. You block the mana viper's attack.
A naga comes into view. It is wielding a glaive.
You feel sick. You block the mana viper's attack.
You feel sick.
You feel sick. You block the mana viper's attack.
You feel sick.
You feel sick.
You feel sick.
You feel sick.
The mana viper hisses angrily.
You hear a shout!
You block the black mamba's attack. The mana viper misses you.
You hear a shout! x2
A naga sharpshooter comes into view. It is wielding a halberd.
The naga sharpshooter shouts!
You hear a shout!
The mana viper bites you.
* * * LOW HITPOINT WARNING * * *
You feel your power leaking away.
The naga shouts!
You hear an angry hiss.
You hear a shout!
The mana viper bites you!
You die...

## .####.. .<# ..#..
##.####N#.# ##
######@........# .##
#..SS.S....##..####...
#...####.......#...#
######...#
#..###)......#
######...##.###
#...)N)..N...####
..N.#....##.#
###N)##N...N...#.
....N.......#
##.N.)#####S...#.
.N..N.....###
##......# ##...#.
.###...####
##.N.##...# #.....


You could see a naga sharpshooter, 2 mana vipers, a black mamba and a naga.

Vanquished Creatures
  Rupert (Lair:4)
  5 nagarajas
  4 dire elephants (Lair:6)
  Fannar (D:11)
  A catoblepas (Lair:6)
  4 hydras
  10 anacondas
  2 naga warriors (Snake:4)
  6 two-headed ogres
  A naga sharpshooter (Snake:2)
  7 shock serpents
  Sonja (Lair:4)
  The ghost of t7DKbSm the Cleaver, a novice MiFi of Trog (D:8)
  10 mana vipers
  8 naga ritualists
  An ugly thing (D:11)
  A cyclops (D:9)
  5 salamanders
  4 oklob plants (Lair:4)
  10 elephants
  40 black mambas
  13 spiny frogs
  4 naga magi
  5 komodo dragons
  5 trolls
  4 polar bears (Lair:5)
  A hornet (D:8)
  Prince Ribbit (D:9)
  11 dream sheep (Lair:4)
  11 hippogriffs
  4 blink frogs (Lair:1)
  A wraith (D:9)
  Sigmund (D:5)
  3 hogs (D:8)
  21 yaks
  2 wyverns (D:10)
  3 basilisks
  3 hungry ghosts
  3 steam dragons
  A human (D:8)
  23 nagas
  8 porcupines
  7 water moccasins
  A black bear (D:7)
  8 orc warriors
  4 sky beasts
  3 phantoms
  2 hornet zombies
  An ice beast (D:10)
  7 ogres
  6 wolves
  14 crocodiles
  13 centaurs
  The ghost of Tiareth the Charmwright, an amateur DESk (D:3)
  3 big kobolds
  15 bullfrogs
  A gnoll sergeant (D:11)
  A water moccasin zombie (D:9)
  A wyvern skeleton (D:6)
  2 scorpions
  2 water moccasin skeletons
  3 jellies (D:5)
  3 wights (D:8)
  4 howler monkeys
  4 centaur zombies
  2 quasits
  7 crimson imps
  7 orc priests
  11 orc wizards
  6 hounds
  2 centaur skeletons (D:10)
  2 iguanas
  11 worker ants
  2 hound zombies
  2 hound skeletons
  Robin (D:2)
  5 gnolls (D:11)
  A howler monkey skeleton (D:4)
  11 adders
  4 shadow imps
  An ooze (D:4)
  2 adder zombies (D:6)
  3 adder skeletons
  3 worms
  3 leopard geckos
  55 orcs
  2 giant cockroaches
  15 goblins
  13 hobgoblins
  14 jackals
  17 kobolds
  8 quokkas
  2 ball pythons
  5 bats
  4 frilled lizards
  7 rats
  4 fungi
  5 plants
594 creatures vanquished.

Vanquished Creatures (others)
  A yak (Lair:6)
  An adder (D:6)
  5 fungi
  12 plants
  A withered plant (D:6)
20 creatures vanquished.

Grand Total: 614 creatures vanquished

Notes
Turn   | Place    | Note
-------+----------+-------------------------------------------
     0 | D:1      | infcreate the Minotaur Fighter began the quest for the Orb.
     0 | D:1      | Reached XP level 1. HP: 19/19 MP: 0/0
   219 | D:1      | Reached XP level 2. HP: 27/27 MP: 1/1
   645 | D:2      | Reached XP level 3. HP: 33/33 MP: 2/2
   668 | D:2      | Noticed Robin
   677 | D:2      | Reached skill level 3 in Axes
   858 | D:2      | Killed Robin
   861 | D:2      | Reached XP level 4. HP: 32/40 MP: 3/3
  1818 | D:3      | Noticed Tiareth's ghost (amateur DESk)
  1831 | D:3      | Killed Tiareth's ghost
  1831 | D:3      | Reached skill level 4 in Axes
  1831 | D:3      | Reached skill level 5 in Armour
  1831 | D:3      | Reached XP level 5. HP: 29/47 MP: 4/4
  2429 | D:4      | Reached skill level 5 in Shields
  2459 | D:4      | Noticed a phantom
  2486 | D:4      | Killed a phantom
  2486 | D:4      | Reached skill level 5 in Axes
  2486 | D:4      | Reached XP level 6. HP: 33/53 MP: 3/5
  3009 | D:4      | Gained mutation: Your spells are a little easier to cast, but a little less powerful. [potion of mutation]
  3009 | D:4      | Gained mutation: You have large cloven feet. [potion of mutation]
  3009 | D:4      | Gained mutation: You are partially covered in yellow scales. (AC +2) [potion of mutation]
  3009 | D:4      | Gained mutation: You are agile. (Dex +2) [potion of mutation]
  3054 | D:4      | Reached skill level 5 in Fighting
  3054 | D:4      | Reached XP level 7. HP: 44/61 MP: 4/6
  3062 | D:4      | Reached skill level 6 in Axes
  3368 | D:5      | Entered Level 5 of the Dungeon
  3603 | D:5      | Reached skill level 7 in Axes
  3614 | D:5      | Noticed Sigmund
  3624 | D:5      | Killed Sigmund
  3624 | D:5      | Reached XP level 8. HP: 57/69 MP: 4/7
  4190 | D:5      | Reached skill level 8 in Axes
  5051 | D:6      | Found a white marble altar of Elyvilon.
  5068 | D:6      | Reached skill level 9 in Axes
  5134 | D:6      | Found a stormy altar of Qazlal.
  5705 | D:6      | Found a blossoming altar of Fedhas.
  5722 | D:6      | Reached XP level 9. HP: 74/78 MP: 6/8
  5936 | D:6      | Found Cigeycs's Antique Weapon Boutique.
  6177 | D:7      | Found a radiant altar of Vehumet.
  6223 | D:7      | Reached skill level 10 in Axes
  6708 | D:7      | Found a staircase to the Ecumenical Temple.
  6720 | D:7      | Reached skill level 11 in Axes
  6759 | D:7      | Found a sacrificial altar of Ru.
  6771 | D:7      | Found a hazy altar of Hepliaklqana.
  6789 | Temple   | Entered the Ecumenical Temple
  6848 | Temple   | Became a worshipper of Warmaster Okawaru
  7014 | D:8      | Noticed t7DKbSm's ghost (novice MiFi)
  7035 | D:8      | Killed t7DKbSm's ghost
  7035 | D:8      | Reached * piety under Okawaru
  7035 | D:8      | Reached XP level 10. HP: 60/86 MP: 6/9
  7403 | D:8      | Noticed a two-headed ogre
  7413 | D:8      | Killed a two-headed ogre
  7564 | D:8      | Reached ** piety under Okawaru
  7569 | D:8      | Reached skill level 1 in Invocations
  7587 | D:8      | Reached skill level 12 in Axes
  7754 | D:8      | Reached *** piety under Okawaru
  7776 | D:8      | Noticed a two-headed ogre
  7781 | D:8      | Killed a two-headed ogre
  7781 | D:8      | Reached skill level 10 in Shields
  7962 | D:9      | Noticed a two-headed ogre
  7973 | D:9      | Killed a two-headed ogre
  7994 | D:9      | Found a glowing golden altar of the Shining One.
  8084 | D:9      | Reached XP level 11. HP: 95/95 MP: 11/11
  8095 | D:9      | Reached **** piety under Okawaru
  8095 | D:9      | Reached skill level 10 in Armour
  8171 | D:9      | Reached skill level 13 in Axes
  8486 | D:9      | Found Yffaxkoci's General Store.
  8531 | D:9      | Found an ancient bone altar of Kikubaaqudgha.
  8622 | D:9      | Found a hide-covered altar of Uskayaw.
  8651 | D:9      | Noticed a two-headed ogre
  8662 | D:9      | Killed a two-headed ogre
  8747 | D:9      | Found a bloodstained altar of Trog.
  8888 | D:9      | Noticed Prince Ribbit
  8894 | D:9      | Killed Prince Ribbit
  8968 | D:9      | Got a scintillating brass ring
  8975 | D:9      | Identified the ring of Oshoc {rPois MR+} (You found it on level 9 of the Dungeon)
  8984 | D:9      | Got a smelly ring mail
  8997 | D:9      | Identified the cursed +0 ring mail of Fun {Dex+2} (You found it on level 9 of the Dungeon)
  9145 | D:10     | Entered Level 10 of the Dungeon
  9155 | D:10     | Reached ***** piety under Okawaru
  9227 | D:10     | Noticed a two-headed ogre
  9244 | D:10     | Killed a two-headed ogre
  9246 | D:10     | Reached skill level 14 in Axes
  9717 | D:10     | Noticed a two-headed ogre
  9718 | D:10     | Received a gift from Okawaru
  9726 | D:10     | Killed a two-headed ogre
  9846 | D:10     | Reached skill level 10 in Fighting
 10004 | D:10     | Received a gift from Okawaru
 10015 | D:10     | Reached XP level 12. HP: 61/106 MP: 8/12
 10453 | D:11     | Noticed Fannar
 10465 | D:11     | Killed Fannar
 10623 | D:11     | Reached skill level 15 in Axes
 10870 | D:11     | Found a staircase to the Lair.
 11029 | D:11     | Noticed a four-headed hydra
 11036 | D:11     | Killed a one-headed hydra
 11194 | Lair:1   | Entered Level 1 of the Lair of Beasts
 11569 | Lair:1   | Received a gift from Okawaru
 11576 | Lair:1   | Got a pair of encrusted boots {god gift}
 11582 | Lair:1   | Identified the +0 pair of boots "Koasm" {Int+3} (Okawaru gifted it to you on level 1 of the Lair of Beasts)
 12309 | Lair:2   | Reached skill level 16 in Axes
 12422 | Lair:2   | You fall through a shaft!
 12905 | Lair:3   | Reached XP level 13. HP: 93/116 MP: 10/13
 13231 | Lair:4   | Found a staircase to the Shoals.
 13375 | Lair:4   | Received a gift from Okawaru
 13415 | Lair:4   | Noticed Sonja
 13435 | Lair:4   | Killed Sonja
 13643 | Lair:4   | Noticed Rupert
 13660 | Lair:4   | Killed Rupert
 13742 | Lair:4   | Found a staircase to the Snake Pit.
 14537 | Lair:5   | Reached ****** piety under Okawaru
 14885 | Lair:6   | Entered Level 6 of the Lair of Beasts
 14900 | Lair:6   | Reached skill level 17 in Axes
 14908 | Lair:6   | Received a gift from Okawaru
 15087 | Lair:6   | Identified 3 scrolls of acquirement
 15203 | Lair:6   | Found a viscous altar of Jiyva.
 15203 | Lair:6   | Found a staircase to the Slime Pits.
 15315 | Lair:6   | Reached XP level 14. HP: 129/129 MP: 16/16
 16680 | Snake:1  | Entered Level 1 of the Snake Pit
 16745 | Snake:1  | You fall through a shaft!
 16842 | Snake:2  | Noticed a nagaraja
 16858 | Snake:2  | Killed a nagaraja
 16942 | Snake:1  | Received a gift from Okawaru
 17095 | Snake:1  | Reached skill level 15 in Shields
 18420 | Snake:2  | Received a gift from Okawaru
 19165 | Snake:3  | Reached XP level 15. HP: 104/139 MP: 0/17
 19322 | Snake:3  | Noticed a nagaraja
 19329 | Snake:3  | Killed a nagaraja
 19353 | Snake:3  | Found Teduck's Food Shop.
 19453 | Snake:3  | Noticed a nagaraja
 19480 | Snake:3  | Killed a nagaraja
 19549 | Snake:3  | Noticed a nagaraja
 19559 | Snake:3  | Killed a nagaraja
 19803 | Snake:4  | Entered Level 4 of the Snake Pit
 20306 | Snake:4  | Reached skill level 18 in Axes
 20306 | Snake:4  | Reached skill level 5 in Invocations
 20455 | Snake:4  | Received a gift from Okawaru
 20515 | Snake:4  | Received a gift from Okawaru
 20987 | Snake:4  | Noticed a nagaraja
 21012 | Snake:4  | Killed a nagaraja
 21012 | Snake:4  | Received a gift from Okawaru
 21012 | Snake:4  | Reached skill level 15 in Fighting
 21020 | Snake:4  | Noticed a nagaraja
 21023 | Snake:4  | Noticed Vashnia
 21038 | Snake:4  | Noticed a nagaraja
 21040 | Snake:4  | Noticed a nagaraja
 21041 | Snake:4  | Noticed a nagaraja
 21041 | Snake:4  | Noticed a nagaraja
 21042 | Snake:4  | Noticed a nagaraja
 21063 | Snake:4  | Mangled by a mana viper

Skill      XL: |  1  2  3  4  5  6  7  8  9 10 11 12 13 14 15 |
---------------+----------------------------------------------+-----
Armour         | 4 5 6 7 9 10 11 12 13 14 | 14.4
Shields        | 4 5 7 8 10 11 12 14 15 16 | 16.8
Fighting       | 4 5 6 7 8 10 11 13 14 15 | 15.0
Axes           | 3 4 5 7 9 11 12 14 16 17 18 | 18.2
Invocations    | 1 2 4 5 |  5.1
Evocations     | |  0.9

Action                   |  1- 3 |  4- 6 |  7- 9 | 10-12 | 13-15 || total
-------------------------+-------+-------+-------+-------+-------++-------
Melee: War axe           |    64 |   144 |   292 |   618 |   795 ||  1913
       Headbutt          |    10 |    24 |    55 |   112 |   189 ||   390
       Kick              |       |     4 |   102 |   159 |       ||   265
Invok: Heroism           |       |       |       |     8 |    16 ||    24
       Finesse           |       |       |       |     2 |     8 ||    10
Evoke: Wand              |       |       |       |       |     7 ||     7
  Use: Scroll            |       |     5 |     7 |    11 |    14 ||    37
       Potion            |       |     1 |       |     1 |     1 ||     3
 Stab: Distracted        |       |       |       |     1 |       ||     1
       Petrified         |       |       |       |       |     8 ||     8
  Eat: Chunk             |       |     7 |     1 |    11 |     7 ||    26
       Ration            |       |       |     4 |     3 |     6 ||    13
Armor: Scale mail        |    35 |    51 |    39 |       |       ||   125
       Chain mail        |       |       |    83 |   122 |       ||   205
       Plate armour      |       |       |       |    57 |   206 ||   263
Dodge: Dodged            |    12 |    32 |    65 |   138 |   207 ||   454
Block: Shield            |    46 |    76 |   162 |   366 |   559 ||  1209
